 Dungeon Crawl Stone Soup version 0.29-a0-304-gb34f9e1 (webtiles) character file.

Game seed: 12093107384593092721

71 Think the Slasher (level 4, -3/35 HPs)
             Began as a Human Fighter on Mar 25, 2022.
             Was a Follower of Uskayaw.
             Slain by an orc
             ... wielding a +0 short sword
              (4 damage)
             ... on level 2 of the Dungeon.
             The game lasted 00:04:25 (2496 turns).

Think the Slasher (Human Fighter)                   Turns: 2496, Time: 00:04:25

Health: -3/35      AC:  8    Str: 17    XL:     4   Next: 47%
Magic:  4/4        EV:  9    Int: 10    God:    Uskayaw [*.....]
Gold:   51         SH:  4    Dex: 12    Spells: 3/3 levels left

rFire   . . .      SeeInvis .   a - +0 long sword
rCold   . . .      Faith    +   c - +0 buckler
rNeg    . . .      Spirit   .   b - +0 scale mail
rPois   .          Reflect  .   j - +2 hat
rElec   .          Harm     .   (no cloak)
rCorr   .          Rampage  .   (no gloves)
Will    .....                   (no boots)
Stlth   ..........              g - amulet of faith
HPRegen 0.11/turn               (no ring)
MPRegen 0.09/turn               (no ring)

@: no status effects
A: no striking features
a: Renounce Religion, Stomp


You were on level 2 of the Dungeon.
You worshipped Uskayaw.
Uskayaw was noncommittal.
You visited 1 branch of the dungeon, and saw 3 of its levels.

You collected 51 gold pieces.

Inventory:

Hand Weapons
 a - a +0 long sword (weapon)
Armour
 b - a +0 scale mail (worn)
 c - a +0 buckler (worn)
 j - a +2 hat (worn)
Jewellery
 g - an amulet of faith (around neck)
 l - a ring of protection from cold
Scrolls
 h - a scroll of amnesia {unknown}
 i - a scroll of identify {unknown}
 k - a scroll of teleportation {unknown}
Potions
 d - a potion of might
 e - a potion of curing {unknown}
 f - 2 potions of flight {unknown}


   Skills:
 - Level 3.0 Fighting
 + Level 4.4 Long Blades
 - Level 3.0 Armour
 - Level 3.0 Shields


You had 3 spell levels left.
You didn't know any spells.
Your spell library contained the following spells:

 Spells                   Type           Power      Damage    Failure   Level
 Leda's Liquefaction      Hex/Erth       0%         N/A       100%        4
 Lee's Rapid Deconstruct  Erth           0%         3d5*      100%        5
 Statue Form              Tmut/Erth      0%         N/A       100%        6


Dungeon Overview and Level Annotations

Branches:
Dungeon (3/15)

Altars:
Uskayaw


Message History

The rat bites you but does no damage.
You barely miss the orc. The orc hits you with a +0 flail.
You block the rat's attack.
You hit the orc.
The orc is heavily wounded.
The orc barely misses you. The rat bites you but does no damage.
You barely miss the orc.
The orc is heavily wounded.
The orc hits you but does no damage. You block the rat's attack.
You slash the orc!
You kill the orc!
The rat bites you. You block the rat's attack.
You can now pass through a line of other dancers.
You hit the rat but do no damage. The rat bites you but does no damage.
You hit the rat.
You kill the rat!
No target in view!
You climb downwards.
The orc barely misses you. The orc hits you but does no damage.
The orc hits you from afar with a +0 trident.
There is a stone staircase leading up here.
You barely miss the orc. The orc closely misses you.
The orc hits you but does no damage. x2
You hit the orc but do no damage. The orc closely misses you.
You block the orc's attack.
The orc hits you from afar with a +0 trident!
You block the orc's attack. The orc hits you but does no damage.
You block the orc's attack. The orc completely misses you.
The orc barely misses you. The orc hits you with a +0 short sword.
The orc hits you but does no damage. x2
The orc barely misses you.
You can no longer pass through a line of other dancers.
You climb upwards.
There is a stone staircase leading down here.
The orc hits you with a +0 club.
* * * LOW HITPOINT WARNING * * *
The orc hits you with a +0 flail!
* * * LOW HITPOINT WARNING * * *
The orc hits you with a +0 short sword.
You die...

#......................
#...####.#...#####.)...
##### #.#...#####.##..
##########.#.#.#.....###.
#............#...........
#................########
#.........#...#.### #
#.................#######
#.......@o###.##.......##
#......o>o# #....#####.#
########### ###..# #.##
#### #... ###[ ##


You could see 3 orcs.

Vanquished Creatures
  2 adders (D:2)
  3 worms (D:2)
  A dart slug (D:2)
  An orc (D:2)
  5 bats
  4 endoplasms (D:1)
  4 goblins
  2 hobgoblins
  4 jackals (D:1)
  2 quokkas (D:2)
  3 ball pythons
  A frilled lizard (D:1)
  4 kobolds
  4 rats
40 creatures vanquished.

Vanquished Creatures (others)
  A plant (D:1)
1 creature vanquished.

Grand Total: 41 creatures vanquished

Notes
Turn   | Place    | Note
-------+----------+-------------------------------------------
     0 | D:1      | Think the Human Fighter began the quest for the Orb.
     0 | D:1      | Reached XP level 1. HP: 18/18 MP: 1/1
   122 | D:1      | Reached XP level 2. HP: 6/24 MP: 2/2
   441 | D:1      | Reached skill level 3 in Long Blades
  1029 | D:1      | Reached XP level 3. HP: 29/29 MP: 3/3
  1268 | D:1      | Found a faded altar of an unknown god.
  1413 | D:1      | Prayed at the altar of an unknown god.
  1413 | D:1      | Became a worshipper of Uskayaw the Reveller
  1413 | D:1      | Reached * piety under Uskayaw
  1466 | D:2      | Reached ** piety under Uskayaw
  1757 | D:2      | Reached skill level 4 in Long Blades
  1757 | D:2      | Reached XP level 4. HP: 22/35 MP: 4/4
  2496 | D:2      | HP: 1/35 [orc/+0 flail (8)]
  2496 | D:2      | Slain by an orc

Illustrated notes

Levels and vault maps discovered:
D:1:      evilmike_arrival_crescent, layout_basic,
          shapermc_ecumenical_altar_mp_urbaneastern
D:2:      layout_rooms, serial_corexii_hall, chequers_hall_statues_corner_a,
          corexii_hall_statues_i
D:3:      layout_basic, tgw_sif

Skill      XL: |  1  2  3 |
---------------+----------+-----
Long Blades    | 3 4 |  4.4
Fighting       | |  3.0
Armour         | |  3.0
Shields        | |  3.0

Action                   |  1- 3 |  4- 6 || total
-------------------------+-------+-------++-------
Melee: Long sword        |   109 |    55 ||   164
Armor: Scale mail        |    53 |    35 ||    88
Dodge: Dodged            |    39 |    31 ||    70
Block: Buckler           |    19 |    20 ||    39

Table legend: (Time is in decaauts)
 A = Elapsed time spent in this place.
 B = Non-inter-level travel time spent in this place.
 C = Inter-level travel time spent in this place.
 D = Time resting spent in this place.
 E = Time spent auto-exploring this place.
 F = Levels seen in this place.
 G = Mean time per level.
                   A        B        C        D        E       F      G
               +--------+--------+--------+--------+--------+-----+--------+
         Total |   2543 |   2486 |     57 |    222 |   1897 |   3 |  847.7 |
       Dungeon |   2543 |   2486 |     57 |    222 |   1897 |   3 |  847.7 |
               +--------+--------+--------+--------+--------+-----+--------+

Top non-repeatable levels by time:
     D:1: 1477 daAuts
     D:2: 1058 daAuts
     D:3: 6 daAuts
